 Dungeon Crawl Stone Soup version 0.31-a0-167-g1c394c0614 (webtiles) character file.

Game seed: 3430898116576013379

277 pokeman the Magician (level 6, -1/34 HPs)
             Began as a Deep Elf Hedge Wizard on June 14, 2023.
             Killed by nerve-wracking pain
             ... invoked by Grinder
              (6 damage)
             ... on level 3 of the Dungeon.
             The game lasted 00:08:06 (3275 turns).

pokeman the Magician (Deep Elf Hedge Wizard)        Turns: 3275, Time: 00:08:08

Health: -1/34      AC:  5    Str:  7    XL:     6   Next: 4%
Magic:  9/17       EV: 13    Int: 21    God:
Gold:   32         SH:  0    Dex: 14    Spells: 10/18 levels left

rFire   . . .        r - +1 short sword (elec)
rCold   + + .        (no shield)
rNeg    . . .        b - +0 robe
rPois   .            f - +0 helmet of the Lizard {rC++ Will-}
rElec   .            (no cloak)
rCorr   .            h - +0 pair of gloves
SInv    .            a - +0 pair of boots
Will    .....        (no amulet)
Stlth   ++           (no ring)
HPRegen 0.25/turn    (no ring)
MPRegen 0.15/turn

%: no passive effects
@: on blink cooldown
A: no striking features
a: no special abilities


You were on level 3 of the Dungeon.
You visited 1 branch of the dungeon, and saw 3 of its levels.

You collected 182 gold pieces.
You spent 150 gold pieces at shops.

Inventory:

Hand Weapons
 r - a +1 short sword of electrocution (weapon)
Armour
 a - a +0 pair of boots (worn)
 b - a +0 robe (worn)
 f - the +0 helmet of the Lizard (worn) {rC++ Will-}
   (You took it off Robin on level 2 of the Dungeon)

   rC:        It greatly protects you from cold.
   Will:      It decreases your willpower.
 h - a +0 pair of gloves (worn)
Scrolls
 c - 3 scrolls of identify
 j - a scroll of immolation {unknown}
 n - a scroll of enchant weapon {unknown}
 o - a scroll of noise {unknown}
 q - 2 scrolls of revelation
 s - a scroll of torment {unknown}
 u - a scroll of teleportation
Potions
 d - a potion of magic
 e - a potion of resistance {unknown}
 g - a potion of mutation {unknown}
 i - a potion of brilliance {unknown}
 k - a potion of haste {unknown}
 l - a potion of might {unknown}
 m - a potion of cancellation {unknown}
 p - a potion of heal wounds {unknown}
 t - a potion of curing {unknown}


   Skills:
 + Level 1.3 Fighting
 - Level 1.0 Armour
 - Level 3.0 Dodging
 - Level 3.0 Stealth
 * Level 6.8 Spellcasting
 + Level 3.0 Conjurations
 - Level 1.1 Summonings
 - Level 1.1 Translocations
 - Level 1.0 Air Magic
 - Level 1.0 Poison Magic


You had 10 spell levels left.
You knew the following spells:

 Your Spells              Type           Power      Damage    Failure   Level
a - Magic Dart            Conj           76%        1d6       2%          1
b - Mephitic Cloud        Conj/Pois/Air  14%        N/A       13%         3
c - Call Imp              Summ           22%        N/A       9%          2
d - Blink                 Tloc           22%        N/A       9%          2

Your spell library contained the following spells:

 Spells                   Type           Power      Damage    Failure   Level
 Slow                     Hex            28%        N/A       9%          1
 Cigotuvi's Dreadful Rot  Necr/Pois/Air  20%        N/A       11%         2
 Summon Guardian Golem    Hex/Summ       9%         N/A       22%         3
 Orb of Destruction       Conj           9%         9d6       100%        7
 Spellforged Servitor     Conj/Summ      7%         N/A       100%        7


Dungeon Overview and Level Annotations

Branches:
Dungeon (3/15)

Altars:

Shops:
D:3 ?(

Annotations:
D:3 Grinder


Message History

Your cerulean imp disappears in a puff of smoke!
Casting: Call Imp (safe; 9% risk of failure)
Confirm with . or Enter, or press ? or * to list all spells.
A tiny devil pulls itself out of the air.
Grinder says, "DUCK!"
Grinder attacks as you move away! Grinder hits you.
You writhe in agony.
Your cerulean imp hits Grinder with a -3 spear.
You hit Grinder but do no damage.
Grinder is lightly wounded.
Your cerulean imp hits Grinder but does no damage.
Grinder hits you but does no damage.
Unknown command.
You closely miss Grinder.
Grinder is lightly wounded.
Your cerulean imp closely misses Grinder.
Grinder gestures at you. Pain shoots through your body!
Unknown command.
You barely miss Grinder.
Grinder is lightly wounded.
Your cerulean imp misses Grinder.
Grinder hits you.
You writhe in agony.
Unknown command.
You hit Grinder but do no damage.
Grinder is lightly wounded.
Your cerulean imp misses Grinder.
Grinder hits you but does no damage.
Unknown command.
You closely miss Grinder.
Grinder is lightly wounded.
Your cerulean imp barely misses Grinder.
Grinder hits you.
* * * LOW HITPOINT WARNING * * *
You writhe in agony.
* * * LOW HITPOINT WARNING * * *
Casting: Call Imp (safe; 9% risk of failure)
Confirm with . or Enter, or press ? or * to list all spells.
You blink.
Your cerulean imp hits Grinder with a -3 spear.
Grinder gestures at you. Pain shoots through your body!
You die...

####.# #.# #....# #.# #
###.####### #.# # .....5....# #.#
# ####)####.######## #.# #
#[#≈#....55...# #.# #
###.###..######.##########.# #
+.)∩..'..######......†.....#####
.###.###.....5..@.###.†..........
..≈#.#......§5.....##.##########.
####'##....#.###...##.# #.
.........>.#.# ###.##.# #.
###...#.#..#.# .##.# #. #.....#
... .##.# #. .........5.... .##.#
#. ###.....##.... .##.# #.
#..#.#. ..... #.# #.


You could see Grinder (ally target) and a friendly cerulean imp (summoned).

Vanquished Creatures
  A hound (D:3)
  Jessica (D:3)
  An iguana (D:3)
  Robin (D:2)
  7 gnolls
  An adder (D:3)
  6 orcs (D:3)
  3 bats
  4 endoplasms
  2 giant cockroaches
  17 goblins
  9 hobgoblins
  2 jackals (D:3)
  A quokka (D:3)
  7 ball pythons
  4 frilled lizards
  10 kobolds
  7 rats
84 creatures vanquished.

Vanquished Creatures (collateral kills)
  2 adders
  A ball python (D:3)
  A hobgoblin (D:3)
4 creatures vanquished.

Grand Total: 88 creatures vanquished

Notes
Turn   | Place    | Note
-------+----------+-------------------------------------------
     0 | D:1      | pokeman the Deep Elf Hedge Wizard began the quest for the
                  | Orb.
     0 | D:1      | Reached XP level 1. HP: 10/10 MP: 7/7
   154 | D:1      | You fall into a shaft and drop 1 floor!
   296 | D:2      | Reached XP level 2. HP: 15/15 MP: 6/9
  1058 | D:1      | Reached skill level 5 in Spellcasting
  1449 | D:1      | Reached XP level 3. HP: 20/20 MP: 6/11
  1456 | D:1      | Learned a level 3 spell: Mephitic Cloud
  1459 | D:1      | Learned a level 2 spell: Call Imp
  1462 | D:1      | Learned a level 2 spell: Blink
  1967 | D:2      | Reached skill level 1 in Fighting
  1972 | D:2      | Reached skill level 1 in Armour
  2014 | D:2      | Identified the +0 helmet of the Lizard {rC++ Will-}
  2014 | D:2      | Noticed Robin
  2066 | D:2      | Killed Robin
  2072 | D:2      | Reached XP level 4. HP: 15/25 MP: 5/13
  2705 | D:3      | Reached skill level 6 in Spellcasting
  2709 | D:3      | Reached XP level 5. HP: 29/29 MP: 5/15
  3073 | D:3      | Reached skill level 1 in Air Magic
  3126 | D:3      | Found Cinloc's Magic Scroll Shop.
  3131 | D:3      | Bought a scroll of identify for 24 gold pieces
  3131 | D:3      | Bought a scroll of revelation for 90 gold pieces
  3131 | D:3      | Bought a scroll of teleportation for 36 gold pieces
  3136 | D:3      | Found Yfed's Weapon Boutique.
  3136 | D:3      | Noticed Jessica
  3137 | D:3      | Noticed Grinder
  3157 | D:3      | Killed Jessica
  3158 | D:3      | Reached skill level 1 in Poison Magic
  3190 | D:3      | Reached XP level 6. HP: 34/34 MP: 10/17
  3255 | D:3      | Paralysed by Grinder for 2 turns
  3275 | D:3      | Killed from afar by Grinder

Illustrated notes

Levels and vault maps discovered:
D:1:      lemuel_arrival_rhombus, layout_basic
D:2:      layout_basic, uniq_robin
D:3:      layout_loops_ring, serial_shops, shop, nicolae_shop_hallway_plus,
          uniq_grinder, uniq_jessica

Skill      XL: |  1  2  3  4  5 |
---------------+----------------+-----
Spellcasting   | 5 6 |  6.8
Fighting       | 1 |  1.3
Armour         | 1 |  1.0
Conjurations   | 2 3 |  3.0
Stealth        | 3 |  3.0
Dodging        | 3 |  3.0
Air Magic      | 1 |  1.0
Poison Magic   | 1 |  1.0
Summonings     | |  1.1
Translocations | |  1.1

Action                     |  1- 3 |  4- 6 || total
---------------------------+-------+-------++-------
  Melee: Dagger            |     2 |       ||     2
         Short sword       |     5 |    50 ||    55
         Punch             |       |     2 ||     2
   Cast: Magic Dart        |   101 |    50 ||   151
         Mephitic Cloud    |     1 |     5 ||     6
         Call Imp          |       |     7 ||     7
         Blink             |       |     1 ||     1
   Stab: Confused          |       |     4 ||     4
 Armour: Robe              |     5 |    17 ||    22
  Dodge: Dodged            |    10 |    32 ||    42

Table legend: (Time is in decaauts)
 A = Elapsed time spent in this place.
 B = Non-inter-level travel time spent in this place.
 C = Inter-level travel time spent in this place.
 D = Time resting spent in this place.
 E = Time spent auto-exploring this place.
 F = Levels seen in this place.
 G = Mean time per level.
                   A        B        C        D        E       F      G
               +--------+--------+--------+--------+--------+-----+--------+
         Total |   3273 |   3225 |     48 |    189 |   2528 |   3 | 1091.0 |
       Dungeon |   3273 |   3225 |     48 |    189 |   2528 |   3 | 1091.0 |
               +--------+--------+--------+--------+--------+-----+--------+

Top non-repeatable levels by time:
     D:1: 1434 daAuts
     D:2: 1257 daAuts
     D:3: 581 daAuts
